[Event "17th Asian Continental-ch Women 2018"]
[Site "Makati City"]
[Date "2018.12.13"]
[Round "4.16"]
[White "Anisa, Aay Aisyah"]
[Black "San Diego, Marie Antoinette"]
[Result "0-1"]
[ECO "A00"]
[WhiteElo "1985"]
[BlackElo "2111"]
[PlyCount "116"]
[EventDate "2018.12.07"]
[EventType "swiss"]
[EventCountry "PHI"]
[TimeControl "40/5400+30:1800+30"]

1. e4 c5 2. Nf3 g6 3. d4 cxd4 4. Qxd4 Nf6 5. Bb5 Bg7 6. e5 Ng8 7. O-O a6 8. Ba4 b5 9. Bb3 Nc6 10. Qe4 f5 11. exf6 Nxf6 12. Qh4 d5 13. a4 b4 14. a5 O-O 15. Ba4 Nxa5 16. Qxb4 Bf5 17. Nc3 Rb8 18. Qh4 e6 19. Ne5 Ne4 20. Qxd8 Rfxd8 21. Nd7 Nxc3 22. bxc3 Rb7 23. Nc5 Ra7 24. Be3 Nc4 25. Nxe6 Nxe3 26. Nxd8 Nxf1 27. Kxf1 Bxc3 28. Rd1 d4 29. Nc6 Rd7 30. Ne5 Rd6 31. Ke2 Kg7 32. f4 d3+ 33. cxd3 Bxe5 34. fxe5 Bg4+ 35. Ke3 Bxd1 36. Bxd1 Rb6 37. d4 a5 38. d5 Rb4 39. Kd3 a4 40. Kc3 a3 41. Bb3 Rb6 42. h3 Kf8 43. Kc2 Rb4 44. Kc3 Re4 45. d6 Rxe5 46. Kb4 Re2 47. Kxa3 Rd2 48. Kb4 Rxd6 49. Kc3 h5 50. Bc4 Kg7 51. Bd3 Kf6 52. Kd2 Kg5 53. Ke2 Kf4 54. Bc2 Kg3 55. Kf1 g5 56. Be4 Rd1+ 57. Ke2 Rg1 58. h4 gxh4 0-1

[Event "17th Asian Continental-ch Women 2018"]
[Site "Makati City"]
[Date "2018.12.13"]
[Round "4.17"]
[White "Galas, Bernadette"]
[Black "Mejia, Cherry Ann"]
[Result "1/2-1/2"]
[ECO "A00"]
[WhiteElo "2100"]
[BlackElo "1980"]
[PlyCount "44"]
[EventDate "2018.12.07"]
[EventType "swiss"]
[EventCountry "PHI"]
[TimeControl "40/5400+30:1800+30"]

1. e4 Nf6 2. Nc3 d5 3. exd5 Nxd5 4. d4 Nxc3 5. bxc3 e6 6. Nf3 c5 7. Ne5 a6 8. Qf3 Qf6 9. Qg3 h6 10. Nc4 Nd7 11. Be2 b5 12. Ne5 Nxe5 13. dxe5 Qe7 14. c4 b4 15. O-O Bb7 16. Rd1 Rd8 17. Bb2 Qg5 18. Rxd8+ Qxd8 19. Qb3 Be7 20. Rd1 Qc7 21. Qg3 O-O 22. Bd3 Rd8 1/2-1/2

[Event "17th Asian Continental-ch Women 2018"]
[Site "Makati City"]
[Date "2018.12.13"]
[Round "4.18"]
[White "Wang, Ying"]
[Black "Fronda, Jan Jodilyn"]
[Result "0-1"]
[ECO "A00"]
[WhiteElo "1324"]
[BlackElo "2139"]
[PlyCount "108"]
[EventDate "2018.12.07"]
[EventType "swiss"]
[EventCountry "PHI"]
[TimeControl "40/5400+30:1800+30"]

1. Nf3 Nf6 2. d4 c5 3. c4 cxd4 4. Nxd4 e5 5. Nf3 Nc6 6. Nc3 Bc5 7. h3 e4 8. Nh2 O-O 9. e3 d6 10. Ng4 Bf5 11. Nxf6+ Qxf6 12. Nd5 Qe5 13. Qb3 Be6 14. Qc3 Bxd5 15. Qxe5 dxe5 16. cxd5 Nb4 17. Kd1 Rfd8 18. Bc4 Nxd5 19. Kc2 Rac8 20. Kb3 Ne7 21. a4 Rd6 22. Ka2 Nc6 23. Be2 Rcd8 24. Kb1 Na5 25. Kc2 Bb4 26. b3 Rc8+ 27. Bc4 Nxc4 28. bxc4 Rd3 29. Bb2 Rxc4+ 30. Kb1 f6 31. Ka2 Rc2 32. Rhc1 Rxf2 33. Rc8+ Kf7 34. Rc7+ Kg6 35. Rxb7 a5 36. Rc1 Rxe3 37. Rbc7 Rxg2 38. R1c2 Rxc2 39. Rxc2 Rxh3 40. Re2 Kf5 41. Bc1 g5 42. Be3 Rxe3 43. Rxe3 Kf4 44. Rb3 e3 45. Rxb4+ axb4 46. a5 e2 47. a6 e1=Q 48. a7 Qf2+ 49. Kb3 Qxa7 50. Kxb4 Qc7 51. Kb3 Qc5 52. Kb2 Qc4 53. Kb1 Qe2 54. Kc1 g4 0-1

[Event "17th Asian Continental-ch Women 2018"]
[Site "Makati City"]
[Date "2018.12.13"]
[Round "4.19"]
[White "San Diego, Jerlyn Mae"]
[Black "Doan, Thi Van Anh"]
[Result "0-1"]
[ECO "A00"]
[WhiteElo "1932"]
[BlackElo "1950"]
[PlyCount "156"]
[EventDate "2018.12.07"]
[EventType "swiss"]
[EventCountry "PHI"]
[TimeControl "40/5400+30:1800+30"]

1. e4 c6 2. d4 d5 3. exd5 cxd5 4. Nf3 Nc6 5. c3 Nf6 6. Bd3 Bg4 7. h3 Bh5 8. Bf4 e6 9. Nbd2 Bd6 10. Bxd6 Qxd6 11. Qa4 O-O 12. O-O a6 13. Rae1 b5 14. Qc2 Rfc8 15. Qb1 b4 16. Ne5 bxc3 17. bxc3 Rab8 18. Qa1 Qa3 19. Nb3 Nxe5 20. Rxe5 Bg6 21. Bxg6 hxg6 22. Re2 Ne4 23. Rc2 Rc4 24. f3 Ng3 25. Qc1 Qd6 26. Re1 Nf5 27. Ree2 Rbc8 28. Na5 R4c7 29. Nb3 Kh7 30. Qe1 Qf4 31. g4 Nh6 32. Kg2 g5 33. Nc5 a5 34. a4 Ng8 35. h4 Ne7 36. hxg5 Ng6 37. Qd2 Nh4+ 38. Kh3 Qxf3+ 39. Kh2 Qxg4 40. Qd3+ Nf5 41. Qh3+ Qxh3+ 42. Kxh3 Kg6 43. Kg4 Rxc5 44. dxc5 Rxc5 45. Ra2 Rc4+ 46. Kh3 Rxc3+ 47. Kh2 Nd4 48. Reb2 Kxg5 49. Rb7 f5 50. Rxg7+ Kf4 51. Ra7 Rc5 52. Rf2+ Ke3 53. Rf1 f4 54. Re7 Nf3+ 55. Kh3 e5 56. Rb1 d4 57. Rb5 Rxb5 58. axb5 d3 59. Rd7 Nd4 60. Rxd4 exd4 61. b6 d2 62. b7 d1=Q 63. b8=Q Qh5+ 64. Kg2 f3+ 65. Kg3 Qg6+ 66. Kh3 Qe6+ 67. Kg3 Qg6+ 68. Kh3 Qf5+ 69. Kg3 f2 70. Qe8+ Kd2 71. Qa4 f1=Q 72. Qa2+ Ke3 73. Qb3+ Q1d3 74. Qxd3+ Kxd3 75. Kg2 Ke3 76. Kh2 Qg4 77. Kh1 Kf2 78. Kh2 Qh4# 0-1

[Event "17th Asian Continental-ch Women 2018"]
[Site "Makati City"]
[Date "2018.12.14"]
[Round "5.4"]
[White "Zhu, Jiner"]
[Black "Ning, Kaiyu"]
[Result "1-0"]
[ECO "A00"]
[WhiteElo "2409"]
[BlackElo "2247"]
[PlyCount "103"]
[EventDate "2018.12.07"]
[EventType "swiss"]
[EventCountry "PHI"]
[TimeControl "40/5400+30:1800+30"]

1. e4 e6 2. d4 d5 3. Nc3 Bb4 4. e5 c5 5. dxc5 Ne7 6. Nf3 Nd7 7. Bd3 Qc7 8. O-O Bxc3 9. bxc3 Nxc5 10. Re1 Bd7 11. Nd4 Nxd3 12. Qxd3 Rc8 13. Re3 Qc4 14. Qd2 Nc6 15. Ba3 Qa4 16. Nxc6 Qxa3 17. Nd4 O-O 18. Rae1 Qe7 19. f4 b5 20. g4 a5 21. f5 exf5 22. gxf5 Qg5+ 23. Qg2 Qxg2+ 24. Kxg2 b4 25. e6 fxe6 26. fxe6 Be8 27. cxb4 axb4 28. Re5 Rc4 29. Rd1 Bg6 30. Rd2 Be4+ 31. Kg1 g6 32. e7 Re8 33. Nb5 Rc6 34. Rf2 Bf5 35. Nd4 Rf6 36. Rf4 Kf7 37. Nxf5 Rxf5 38. Rfxf5+ gxf5 39. Rxd5 Kxe7 40. Re5+ Kd7 41. Rxe8 Kxe8 42. Kf2 Kd7 43. Ke2 Kc6 44. c3 Kb5 45. cxb4 Kxb4 46. Ke3 Ka3 47. Kf4 Kxa2 48. Kxf5 Kb3 49. Kg5 Kc4 50. Kh6 Kd5 51. Kxh7 Ke5 52. Kg6 1-0

[Event "17th Asian Continental-ch Women 2018"]
[Site "Makati City"]
[Date "2018.12.14"]
[Round "5.5"]
[White "Li, Yunshan"]
[Black "Aulia, Medina Warda"]
[Result "1-0"]
[ECO "A00"]
[WhiteElo "2196"]
[BlackElo "2366"]
[PlyCount "127"]
[EventDate "2018.12.07"]
[EventType "swiss"]
[EventCountry "PHI"]
[TimeControl "40/5400+30:1800+30"]

1. d4 e6 2. c4 Nf6 3. g3 d5 4. Bg2 dxc4 5. Nf3 Bb4+ 6. Bd2 a5 7. O-O O-O 8. Bxb4 axb4 9. Ne5 Nc6 10. Bxc6 bxc6 11. Nxc4 Qd5 12. Ne3 Qh5 13. Nd2 Rd8 14. Nb3 Ba6 15. f3 e5 16. Nc2 exd4 17. Nxb4 Bb5 18. Qc2 Nd5 19. Nxd5 Rxd5 20. a4 Ba6 21. Qxc6 Rdd8 22. Nxd4 Qe5 23. Nb5 Qxe2 24. Nxc7 Qe3+ 25. Rf2 Rdc8 26. Qd6 Rab8 27. Qxa6 Rxc7 28. Qe2 Qc5 29. Kg2 h6 30. Qd3 Rcb7 31. Ra2 Rb3 32. Qe2 Qd5 33. Qe4 Qa5 34. Qe2 h5 35. Qd2 R3b4 36. h4 R8b6 37. Re2 Qc5 38. Qd8+ Kh7 39. Qg5 Qc4 40. b3 Qd3 41. Qxh5+ Rh6 42. Qxf7 Rf6 43. Qh5+ Rh6 44. Qc5 Rxb3 45. Qc2 Rf6 46. Qxd3+ Rxd3 47. Rf2 Ra6 48. a5 Rd5 49. g4 Raxa5 50. Rxa5 Rxa5 51. h5 Kh6 52. Kg3 Ra6 53. Re2 Rb6 54. Kh4 g5+ 55. hxg6 Kxg6 56. f4 Ra6 57. Re6+ Rxe6 58. f5+ Kf6 59. fxe6 Kxe6 60. Kg5 Kf7 61. Kh6 Kg8 62. g5 Kh8 63. g6 Kg8 64. g7 1-0

[Event "17th Asian Continental-ch Women 2018"]
[Site "Makati City"]
[Date "2018.12.14"]
[Round "5.6"]
[White "Bach, Ngoc Thuy Duong"]
[Black "Vo, Thi Kim Phung"]
[Result "0-1"]
[ECO "A00"]
[WhiteElo "2131"]
[BlackElo "2352"]
[PlyCount "88"]
[EventDate "2018.12.07"]
[EventType "swiss"]
[EventCountry "PHI"]
[TimeControl "40/5400+30:1800+30"]

1. d4 Nf6 2. c4 g6 3. Nc3 Bg7 4. e4 d6 5. Nf3 O-O 6. Be2 e5 7. O-O Nc6 8. d5 Ne7 9. b4 a5 10. Ba3 b6 11. bxa5 Rxa5 12. Bb4 Ra6 13. a4 Ne8 14. Ba3 Ra8 15. Bb2 Bh6 16. Bc1 Bxc1 17. Qxc1 Bg4 18. Nd2 Bxe2 19. Nxe2 Qd7 20. Nc3 g5 21. Nb3 h6 22. a5 bxa5 23. Nxa5 Ng6 24. Nc6 Rxa1 25. Qxa1 f5 26. exf5 Rxf5 27. Qb1 Ng7 28. Ne2 Nh4 29. Qe4 Rf8 30. f3 Qf7 31. g3 Nhf5 32. Rb1 Re8 33. Rb8 Rxb8 34. Nxb8 Qe8 35. Nc6 Qa8 36. f4 exf4 37. gxf4 Qa1+ 38. Kf2 Qf6 39. fxg5 hxg5 40. Ke1 Qa1+ 41. Kf2 Qf6 42. Ke1 Kf7 43. Ncd4 Nh4 44. Ng3 Qxd4 0-1

[Event "17th Asian Continental-ch Women 2018"]
[Site "Makati City"]
[Date "2018.12.14"]
[Round "5.7"]
[White "Citra, Dewi Ardhiani Anast"]
[Black "Doroy Allaney Jia G"]
[Result "1/2-1/2"]
[ECO "A00"]
[WhiteElo "2215"]
[BlackElo "1972"]
[PlyCount "96"]
[EventDate "2018.12.07"]
[EventType "swiss"]
[EventCountry "PHI"]
[TimeControl "40/5400+30:1800+30"]

1. b3 Nf6 2. Bb2 g6 3. e3 Bg7 4. Nf3 O-O 5. Be2 d5 6. c4 c5 7. cxd5 Qxd5 8. Nc3 Qd8 9. d4 Nc6 10. dxc5 Qa5 11. O-O Qxc5 12. Na4 Qa5 13. Bc3 Qc7 14. Qc1 Bf5 15. Qb2 Rac8 16. Rac1 Qb8 17. Nd4 Bg4 18. Nxc6 Rxc6 19. Be5 Qc8 20. Rxc6 bxc6 21. Bxg4 Qxg4 22. h3 Qb4 23. Rd1 c5 24. Qe2 h5 25. Bc3 Qa3 26. Qb2 Qxb2 27. Bxb2 Rc8 28. Rc1 Ne4 29. Bxg7 Kxg7 30. f3 Ng3 31. Kf2 h4 32. Nxc5 Rd8 33. Ke1 a5 34. Rc3 e5 35. a3 Kf6 36. Rc4 Nf5 37. Ne4+ Kg7 38. Ke2 Rb8 39. b4 axb4 40. axb4 Ra8 41. Rc2 Ra3 42. Rb2 Nxe3 43. b5 Nc4 44. Rc2 Ra4 45. Nc5 Rb4 46. Nd3 Ra4 47. Nb2 Ra2 48. Rxc4 Rxb2+ 1/2-1/2

[Event "17th Asian Continental-ch Women 2018"]
[Site "Makati City"]
[Date "2018.12.14"]
[Round "5.8"]
[White "Wang, Jue"]
[Black "Frayna, Janelle Mae"]
[Result "1-0"]
[ECO "A00"]
[WhiteElo "2367"]
[BlackElo "2228"]
[PlyCount "111"]
[EventDate "2018.12.07"]
[EventType "swiss"]
[EventCountry "PHI"]
[TimeControl "40/5400+30:1800+30"]

1. e4 c6 2. d4 d5 3. e5 c5 4. dxc5 e6 5. a3 Nc6 6. Nf3 Bxc5 7. b4 Bb6 8. Bd3 Nge7 9. Bb2 Ng6 10. O-O Nf4 11. c4 O-O 12. Nc3 Nxd3 13. Qxd3 dxc4 14. Qxc4 Bd7 15. Rad1 Ne7 16. Qg4 Nf5 17. Ne4 Kh8 18. Qh3 Qc8 19. Nfg5 h6 20. g4 Bb5 21. Rfe1 Ne7 22. Rc1 Qb8 23. Nd6 Be8 24. Nge4 Bc6 25. g5 Nf5 26. Nxf5 exf5 27. Qxf5 Qc8 28. Qxc8 Raxc8 29. gxh6 Bxe4 30. hxg7+ Kxg7 31. Rxe4 Kg6 32. Kg2 Kf5 33. Kf3 Rcd8 34. Rf4+ Ke6 35. Ke2 Rg8 36. Rcc4 Rg2 37. Rf6+ Ke7 38. Rcf4 Rxh2 39. Rxf7+ Ke6 40. R4f6+ Kd5 41. e6 Bxf2 42. Rxf2 Rxf2+ 43. Rxf2 Kxe6 44. Rf3 Rg8 45. Kd3 Kd5 46. Bd4 a6 47. Bf2 Rg7 48. Rf6 Rh7 49. Bg3 Rd7 50. Rb6 Rd8 51. Bh2 Rd7 52. a4 Rd8 53. a5 Rd7 54. Rh6 Rd8 55. Rh7 Ke6+ 56. Kc4 1-0

[Event "17th Asian Continental-ch Women 2018"]
[Site "Makati City"]
[Date "2018.12.14"]
[Round "5.9"]
[White "Li, Xueyi"]
[Black "Alinasab, Mobina"]
[Result "1-0"]
[ECO "A00"]
[WhiteElo "2187"]
[BlackElo "2295"]
[PlyCount "55"]
[EventDate "2018.12.07"]
[EventType "swiss"]
[EventCountry "PHI"]
[TimeControl "40/5400+30:1800+30"]

1. d4 Nf6 2. c4 e6 3. g3 c5 4. Nf3 cxd4 5. Nxd4 d5 6. Bg2 e5 7. Nf3 d4 8. O-O Nc6 9. e3 Be7 10. exd4 exd4 11. Bf4 O-O 12. Ne5 Qb6 13. Qb3 Qxb3 14. axb3 Bd7 15. Rd1 Rfd8 16. Na3 Nh5 17. Nxd7 Nxf4 18. Bxc6 bxc6 19. Ne5 Ne6 20. Nxc6 Rd7 21. Nxe7+ Rxe7 22. Nb5 Rd7 23. b4 Rb8 24. Nxa7 Rxb4 25. Nc6 Rxc4 26. Ne5 Rcc7 27. Nxd7 Rxd7 28. Rac1 1-0

[Event "17th Asian Continental-ch Women 2018"]
[Site "Makati City"]
[Date "2018.12.14"]
[Round "5.10"]
[White "Nandhidhaa, P V"]
[Black "Makhija, Aashna"]
[Result "1/2-1/2"]
[ECO "A00"]
[WhiteElo "2267"]
[BlackElo "2181"]
[PlyCount "48"]
[EventDate "2018.12.07"]
[EventType "swiss"]
[EventCountry "PHI"]
[TimeControl "40/5400+30:1800+30"]

1. Nf3 Nf6 2. g3 d5 3. Bg2 e6 4. O-O Be7 5. c4 O-O 6. b3 c5 7. Bb2 Nc6 8. cxd5 Nxd5 9. d4 cxd4 10. Nxd4 Bd7 11. Na3 Rc8 12. Nc4 Nxd4 13. Qxd4 Bf6 14. Qxa7 Bxb2 15. Nxb2 Rc2 16. Nc4 Bc6 17. e4 Nc3 18. Rfe1 Qf6 19. e5 Qf5 20. Bxc6 bxc6 21. Qe3 Nd5 22. Qd4 c5 23. Qxc5 Nf4 24. gxf4 Qg4+ 1/2-1/2

[Event "17th Asian Continental-ch Women 2018"]
[Site "Makati City"]
[Date "2018.12.14"]
[Round "5.11"]
[White "San Diego, Marie Antoinette"]
[Black "Nguyen, Thi Thanh An"]
[Result "0-1"]
[ECO "A00"]
[WhiteElo "2111"]
[BlackElo "2262"]
[PlyCount "110"]
[EventDate "2018.12.07"]
[EventType "swiss"]
[EventCountry "PHI"]
[TimeControl "40/5400+30:1800+30"]

1. d4 Nf6 2. c4 g6 3. Nc3 Bg7 4. e4 d6 5. h3 O-O 6. Be3 c5 7. d5 e6 8. Nf3 exd5 9. exd5 Na6 10. Bd3 Nb4 11. Bb1 b5 12. a3 Qa5 13. O-O bxc4 14. Nd2 Nbxd5 15. Nxc4 Nxe3 16. Nxa5 Nxd1 17. Rxd1 d5 18. Ba2 c4 19. Nc6 Be6 20. Rab1 Rfe8 21. Nd4 a6 22. b3 cxb3 23. Rxb3 Rac8 24. Nce2 Nd7 25. Rb7 Nc5 26. Rb6 Bf8 27. Nf4 Na4 28. Rxa6 Nc3 29. Rd2 Bh6 30. g3 Bxf4 31. gxf4 Ra8 32. Rc6 Rxa3 33. Bb3 Ne4 34. Re2 Rb8 35. Nxe6 Raxb3 36. Nc7 Nc3 37. Re7 Kf8 38. Rd7 Ne2+ 39. Kh2 Nxf4 40. f3 Rxf3 41. Rc2 Rxh3+ 42. Kg1 Rb1+ 43. Kf2 Rh2+ 44. Ke3 Rxc2 45. Kxf4 Rxc7 46. Rxc7 Rf1+ 47. Kg5 Rf5+ 48. Kh4 Kg7 49. Rd7 h6 50. Kg4 h5+ 51. Kh4 Kh6 52. Kg3 g5 53. Rd6+ f6 54. Kh3 g4+ 55. Kg2 h4 0-1

[Event "17th Asian Continental-ch Women 2018"]
[Site "Makati City"]
[Date "2018.12.14"]
[Round "5.12"]
[White "Gu, Tianlu"]
[Black "Mendoza, Shania Mae"]
[Result "1-0"]
[ECO "A00"]
[WhiteElo "2231"]
[BlackElo "2165"]
[PlyCount "157"]
[EventDate "2018.12.07"]
[EventType "swiss"]
[EventCountry "PHI"]
[TimeControl "40/5400+30:1800+30"]

1. e4 c6 2. Nc3 d5 3. Nf3 Bg4 4. h3 Bxf3 5. Qxf3 Nf6 6. d3 e6 7. Bd2 Bb4 8. O-O-O Nbd7 9. g4 d4 10. Ne2 Bxd2+ 11. Rxd2 Qa5 12. a3 h5 13. Nxd4 Ne5 14. Qg2 hxg4 15. hxg4 O-O-O 16. Rxh8 Rxh8 17. Nb3 Qd8 18. Qg3 Rh1 19. Rd1 Ng6 20. Nd2 Qc7 21. Qxc7+ Kxc7 22. Be2 Rh2 23. Rf1 Nf4 24. Bd1 Rg2 25. Bf3 Rh2 26. e5 Nd7 27. d4 c5 28. dxc5 Nxe5 29. Bd1 Kc6 30. Nf3 Nxf3 31. Bxf3+ Kxc5 32. Bxb7 a5 33. Kd2 g5 34. b3 f6 35. c3 Rh4 36. Rg1 Rh2 37. Ke3 Rh3+ 38. Rg3 Rh7 39. Be4 Rh8 40. Bd3 Rd8 41. b4+ Kb6 42. Kd2 Ra8 43. Be4 Ra7 44. c4 axb4 45. axb4 Ra2+ 46. Bc2 Ra8 47. Rg1 Rc8 48. Bd3 Rd8 49. Rg3 Rd4 50. Kc3 e5 51. Re3 Kc7 52. Bc2 Rd8 53. Re1 Kb6 54. Be4 Rd4 55. f3 Rd8 56. Rh1 Ne2+ 57. Kc2 Nd4+ 58. Kb2 Rc8 59. Bd5 Rf8 60. Rh7 Ka6 61. Ka3 Rb8 62. Ka4 Nc2 63. b5+ Kb6 64. Be4 Rc8 65. Bxc2 Rxc4+ 66. Kb3 Rd4 67. Rf7 Rf4 68. Be4 Kxb5 69. Rd7 f5 70. Rd5+ Kb6 71. Bxf5 Rxf3+ 72. Kc4 Re3 73. Rd6+ Kc7 74. Re6 Re1 75. Kd5 e4 76. Rxe4 Ra1 77. Ke6 Ra6+ 78. Kf7 Rd6 79. Re7+ 1-0

[Event "17th Asian Continental-ch Women 2018"]
[Site "Makati City"]
[Date "2018.12.14"]
[Round "5.13"]
[White "Nakhbayeva, Guliskhan"]
[Black "Galas, Bernadette"]
[Result "1-0"]
[ECO "A00"]
[WhiteElo "2371"]
[BlackElo "2100"]
[PlyCount "71"]
[EventDate "2018.12.07"]
[EventType "swiss"]
[EventCountry "PHI"]
[TimeControl "40/5400+30:1800+30"]

1. d4 d5 2. c4 dxc4 3. Nf3 Nf6 4. e3 e6 5. Bxc4 c5 6. O-O Be7 7. b3 O-O 8. Bb2 Nc6 9. Nbd2 b6 10. dxc5 bxc5 11. Qe2 Bb7 12. Rfd1 Qb6 13. Rac1 Rfd8 14. h3 Rac8 15. Bd3 Nb4 16. Bb1 Qa6 17. Nc4 Nxa2 18. Rxd8+ Rxd8 19. Rd1 Rxd1+ 20. Qxd1 Nb4 21. Ng5 Qc6 22. e4 Nd7 23. Qh5 Bxg5 24. Qxg5 f6 25. Qg3 e5 26. f4 exf4 27. Qxf4 Ba8 28. Nd6 a5 29. Nf5 Kf8 30. Qh4 h6 31. Qg4 g5 32. Qh5 Qa6 33. Qxh6+ Ke8 34. Qh8+ Nf8 35. Qg7 Qe6 36. Bxf6 1-0

[Event "17th Asian Continental-ch Women 2018"]
[Site "Makati City"]
[Date "2018.12.14"]
[Round "5.14"]
[White "Mejia, Cherry Ann"]
[Black "Secopito, Catherine"]
[Result "0-1"]
[ECO "A00"]
[WhiteElo "1980"]
[BlackElo "2145"]
[PlyCount "90"]
[EventDate "2018.12.07"]
[EventType "swiss"]
[EventCountry "PHI"]
[TimeControl "40/5400+30:1800+30"]

1. e4 d5 2. exd5 Qxd5 3. Nc3 Qd6 4. d4 Nf6 5. Nf3 g6 6. Ne5 Bg7 7. f4 O-O 8. Bc4 a6 9. a4 Nc6 10. Be3 Qb4 11. Bb3 Ne4 12. Qd3 Bf5 13. g4 Nxe5 14. fxe5 Nf2 15. Qe2 Nxg4 16. Bg1 c5 17. Rd1 cxd4 18. Rxd4 Qa5 19. Rd5 Qc7 20. Rc5 Qd8 21. Rd5 Qb8 22. h3 Nh6 23. Be3 Be6 24. Bxh6 Bxh6 25. Rd4 Bxb3 26. cxb3 Bg7 27. Re4 Qc7 28. h4 h5 29. Rf1 Rad8 30. Qc4 Qd7 31. Qe2 Bh6 32. Rf3 Qc7 33. Rd3 Rxd3 34. Qxd3 Rd8 35. Qc4 Qb6 36. Kf1 Rd2 37. Re2 Rd4 38. Qc8+ Kg7 39. Rf2 Qxb3 40. Ne2 Qd1+ 41. Kg2 Rg4+ 42. Ng3 Bf4 43. Rxf4 Rxf4 44. Qxb7 Qd2+ 45. Kh3 Rxh4+ 0-1

[Event "17th Asian Continental-ch Women 2018"]
[Site "Makati City"]
[Date "2018.12.14"]
[Round "5.15"]
[White "Fronda, Jan Jodilyn"]
[Black "Bernales, Christy Lamiel"]
[Result "1-0"]
[ECO "A00"]
[WhiteElo "2139"]
[BlackElo "1996"]
[PlyCount "111"]
[EventDate "2018.12.07"]
[EventType "swiss"]
[EventCountry "PHI"]
[TimeControl "40/5400+30:1800+30"]

1. e4 e6 2. d4 d5 3. exd5 exd5 4. c4 Nf6 5. Nc3 Be7 6. Nf3 O-O 7. Bd3 h6 8. O-O Be6 9. cxd5 Nxd5 10. Re1 Nc6 11. Be3 Bf6 12. Rc1 a6 13. Bb1 Nce7 14. Nxd5 Bxd5 15. Qc2 Ng6 16. Qxc7 Bxf3 17. gxf3 Bxd4 18. Bxg6 Bxe3 19. Bxf7+ Rxf7 20. Qxd8+ Rxd8 21. Rxe3 Rd2 22. Rb3 Re7 23. Re3 Rxe3 24. fxe3 Rxb2 25. a4 Kf7 26. a5 Kf6 27. h4 Rb4 28. Rc7 Rb5 29. Kf2 Rxa5 30. Rxb7 Ra1 31. h5 a5 32. Kg3 a4 33. Kf4 Rh1 34. Rb6+ Kf7 35. Ra6 Rxh5 36. e4 Rb5 37. Rxa4 Kf6 38. Ra6+ Kf7 39. Kg4 Rg5+ 40. Kf4 Rb5 41. Rc6 Ra5 42. Rb6 Rc5 43. e5 Rc7 44. Kf5 Ra7 45. f4 Rc7 46. e6+ Ke7 47. Kg6 Rc4 48. Rb7+ Ke8 49. Rf7 Re4 50. Kf5 Ra4 51. Rxg7 h5 52. Rh7 Kf8 53. Kg5 Re4 54. f5 Re1 55. Kf6 Kg8 56. Rxh5 1-0

[Event "17th Asian Continental-ch Women 2018"]
[Site "Makati City"]
[Date "2018.12.14"]
[Round "5.16"]
[White "Nithyalakshmi, Sivanesan"]
[Black "Zhang, Xiao"]
[Result "1/2-1/2"]
[ECO "A00"]
[WhiteElo "1942"]
[BlackElo "2017"]
[PlyCount "117"]
[EventDate "2018.12.07"]
[EventType "swiss"]
[EventCountry "PHI"]
[TimeControl "40/5400+30:1800+30"]

1. Nf3 d5 2. g3 c6 3. Bg2 Bf5 4. O-O Nf6 5. c4 e6 6. b3 Nbd7 7. Bb2 Bd6 8. d3 Qe7 9. Nbd2 Ba3 10. Qc1 Bxb2 11. Qxb2 O-O 12. b4 e5 13. Nh4 Bg4 14. Rfe1 e4 15. f3 e3 16. fxg4 exd2 17. Qxd2 dxc4 18. Nf5 Qe6 19. dxc4 Ne5 20. Qg5 g6 21. c5 Nfxg4 22. Nd6 a5 23. b5 Rab8 24. b6 f5 25. Qd2 Nd7 26. e4 Qe5 27. Rac1 f4 28. Qc3 Qh5 29. h3 Nge5 30. gxf4 Rxf4 31. Rf1 g5 32. Qg3 Rbf8 33. Nf5 Rxf1+ 34. Rxf1 h6 35. Nd6 Rxf1+ 36. Bxf1 Nf3+ 37. Kf2 Nd2 38. Qc3 Qh4+ 39. Ke2 Nxf1 40. Kxf1 Qf4+ 41. Ke1 Ne5 42. Nxb7 Qxe4+ 43. Kd2 Qd5+ 44. Kc2 Qe4+ 45. Kb2 Nc4+ 46. Kc1 Qf4+ 47. Kc2 Ne3+ 48. Kd3 Nd5 49. Qc4 Qf3+ 50. Kc2 Kf8 51. Kb2 a4 52. Qxa4 Qc3+ 53. Kb1 Qd2 54. Qc2 Qb4+ 55. Qb3 Qe1+ 56. Kb2 Qe2+ 57. Kb1 Qd2 58. Qc2 Qb4+ 59. Qb3 1/2-1/2

[Event "17th Asian Continental-ch Women 2018"]
[Site "Makati City"]
[Date "2018.12.14"]
[Round "5.17"]
[White "Mordido, Kylen Joy"]
[Black "Karenza, Dita"]
[Result "0-1"]
[ECO "A00"]
[WhiteElo "2045"]
[BlackElo "1944"]
[PlyCount "62"]
[EventDate "2018.12.07"]
[EventType "swiss"]
[EventCountry "PHI"]
[TimeControl "40/5400+30:1800+30"]

1. c4 e6 2. Nf3 d5 3. d4 Nf6 4. g3 dxc4 5. Qa4+ Nbd7 6. Bg2 a6 7. Qxc4 b5 8. Qc2 Bb7 9. O-O c5 10. Rd1 Rc8 11. Qd2 cxd4 12. Nxd4 Bxg2 13. Kxg2 Bc5 14. b3 Qb6 15. Bb2 O-O 16. f3 Rfd8 17. b4 Be7 18. Nb3 e5 19. Rc1 Rxc1 20. Nxc1 Nb8 21. Nd3 Nc6 22. a3 Nd5 23. Nc3 Ne3+ 24. Kh1 Nc4 25. Qc1 Nd4 26. Ra2 Nxf3 27. Ba1 Ng5 28. h4 Ne3 29. Ne1 Qc6+ 30. Kg1 Nh3+ 31. Kh2 Ng4+ 0-1

[Event "17th Asian Continental-ch Women 2018"]
[Site "Makati City"]
[Date "2018.12.14"]
[Round "5.18"]
[White "Doan, Thi Van Anh"]
[Black "Anisa, Aay Aisyah"]
[Result "0-1"]
[ECO "A00"]
[WhiteElo "1950"]
[BlackElo "1985"]
[PlyCount "108"]
[EventDate "2018.12.07"]
[EventType "swiss"]
[EventCountry "PHI"]
[TimeControl "40/5400+30:1800+30"]

1. d4 Nf6 2. c4 e6 3. Nc3 Bb4 4. Qc2 O-O 5. e4 d5 6. cxd5 exd5 7. e5 Ne4 8. Bd3 c5 9. dxc5 Nd7 10. Nf3 Ndxc5 11. O-O Bxc3 12. bxc3 Nxd3 13. Qxd3 Be6 14. Be3 Qa5 15. Rfc1 Rac8 16. Bd4 h6 17. Nd2 Nxd2 18. Qxd2 Rc4 19. f4 Bf5 20. h3 b5 21. g4 Be4 22. f5 b4 23. cxb4 Qa3 24. Kh2 Rxb4 25. f6 Rfb8 26. Bc5 Rb2 27. Bxa3 Rxd2+ 28. Kg1 Rd3 29. e6 Rxa3 30. Rc7 Rg3+ 31. Kf2 Rf3+ 32. Ke1 Rxf6 33. e7 Re6 34. Rxa7 Re8 35. a4 R6xe7 36. Ra5 Bg2+ 37. Kd2 Re2+ 38. Kd3 R8e3+ 39. Kd4 Rxh3 40. Rb5 Rg3 41. a5 Rxg4+ 42. Kc5 d4 43. Rb3 Rc2+ 44. Kd6 Rg6+ 45. Ke5 Rc8 46. a6 Rg4 47. Kf5 h5 48. Ra5 Re8 49. Re5 Be4+ 50. Rxe4 Rgxe4 51. Rb5 g6+ 52. Kg5 R4e5+ 53. Kh6 Rxb5 54. a7 Kf8 0-1

[Event "17th Asian Continental-ch Women 2018"]
[Site "Makati City"]
[Date "2018.12.14"]
[Round "5.19"]
[White "Wang, Ying"]
[Black "San Diego, Jerlyn Mae"]
[Result "0-1"]
[ECO "A00"]
[WhiteElo "1324"]
[BlackElo "1932"]
[PlyCount "74"]
[EventDate "2018.12.07"]
[EventType "swiss"]
[EventCountry "PHI"]
[TimeControl "40/5400+30:1800+30"]

1. Nf3 g6 2. e4 c5 3. d4 cxd4 4. Qxd4 Nf6 5. e5 Nc6 6. Qa4 Nd5 7. c4 Nb6 8. Qd1 d6 9. exd6 Qxd6 10. Qxd6 exd6 11. a3 Bg7 12. Ra2 Be6 13. b3 Na5 14. Nfd2 Rc8 15. Bb2 Bxb2 16. Rxb2 d5 17. Nc3 dxc4 18. b4 Nb3 19. Nb5 c3 20. Nd6+ Ke7 21. Nxc8+ Rxc8 22. Bd3 cxb2 23. Nxb3 Rc1+ 24. Kd2 Rxh1 25. h3 Bxb3 26. Kc3 b1=Q 27. Bxb1 Rxb1 28. f4 Na4+ 29. Kd4 Re1 30. Kd3 Kd6 31. Kd2 Re4 32. Kd3 Kd5 33. g3 Bc4+ 34. Kd2 Re2+ 35. Kd1 Kd4 36. g4 Kd3 37. f5 Bb3+ 0-1

[Event "17th Asian Continental-ch Women 2018"]
[Site "Makati City"]
[Date "2018.12.15"]
[Round "6.4"]
[White "Vo, Thi Kim Phung"]
[Black "Pham, Le Thao Nguyen"]
[Result "1/2-1/2"]
[ECO "A00"]
[WhiteElo "2352"]
[BlackElo "2363"]
[PlyCount "79"]
[EventDate "2018.12.07"]
[EventType "swiss"]
[EventCountry "PHI"]
[TimeControl "40/5400+30:1800+30"]

1. d4 Nf6 2. c4 e6 3. Nc3 Bb4 4. Qc2 O-O 5. Nf3 d6 6. Bg5 Nbd7 7. e3 h6 8. Bh4 b6 9. Bd3 Bb7 10. O-O Bxc3 11. bxc3 Re8 12. e4 e5 13. Rfe1 Nf8 14. c5 Ng6 15. cxd6 cxd6 16. Bb5 Nxh4 17. Nxh4 Re7 18. Nf5 Rc7 19. Rad1 Qf8 20. Re3 Bc8 21. Ng3 a6 22. Ba4 b5 23. Bb3 Bd7 24. Qd2 a5 25. h3 a4 26. Bd5 Rac8 27. a3 Nxd5 28. exd5 exd4 29. Qxd4 Rc4 30. Qd2 f5 31. Ne2 f4 32. Rf3 g5 33. Rd3 Bf5 34. Rd4 f3 35. gxf3 Bxh3 36. Qe3 Re8 37. Re4 Rcxe4 38. fxe4 Bg4 39. Rd3 Qf6 40. Nd4 1/2-1/2